[Event "November 21 Early 2023"]
[Site "https://www.chess.com"]
[Date "2023.11.21"]
[Round "5"]
[White "Bettalli, Francesco"]
[Black "SeLaPegoACualquiera"]
[Result "1-0"]
[Board "80"]
[TimeControl "180+1"]
[WhiteFideId "2816453"]
[WhiteElo "2226"]
[BlackElo "2180"]
[WhiteTeam "ITA"]
[WhiteClock "0:01:19"]
[BlackClock "0:00:40"]

1. d4 Nf6 2. c4 c5 3. d5 b5 4. cxb5 a6 5. e3 axb5 6. Bxb5 Bb7 7. Nc3 Qa5 8. Bd2 g6 9. Nf3 Bg7 10. a4 O-O 11. e4 e6 12. O-O exd5 13. Nxd5 Qd8 14. Nxf6+ Bxf6 15. e5 Bg7 16. Bf4 Nc6 17. Qd6 Nd4 18. Nxd4 cxd4 19. Qxd4 d5 20. b4 f6 21. e6 Qe7 22. Qc5 Qxe6 23. Rfe1 Qf5 24. Re7 Qxf4 25. Rxb7 Qe5 26. Rd1 Rae8 27. Bxe8 Rxe8 28. g3 Bf8 29. Qxd5+ Qxd5 30. Rxd5 1-0

[Event "November 21 Early 2023"]
[Site "https://www.chess.com"]
[Date "2023.11.21"]
[Round "5"]
[White "Bobomurodova, Maftuna"]
[Black "Demchenko, Anton"]
[Result "0-1"]
[Board "81"]
[TimeControl "180+1"]
[WhiteFideId "14207400"]
[BlackFideId "4160258"]
[WhiteElo "1814"]
[BlackElo "2545"]
[WhiteTeam "UZB"]
[BlackTeam "SLO"]
[WhiteClock "0:00:20"]
[BlackClock "0:00:16"]

1. e4 e5 2. Nf3 Nc6 3. Bc4 Nf6 4. d3 h6 5. c3 d6 6. h3 g6 7. Nbd2 Bg7 8. Nf1 O-O 9. Ng3 d5 10. exd5 Nxd5 11. O-O a6 12. Bb3 Kh8 13. d4 exd4 14. cxd4 Be6 15. Ne5 Qh4 16. Nf3 Qe7 17. Ne5 Nxe5 18. dxe5 Rad8 19. Qe2 Qh4 20. Kh2 Nb4 21. Bxe6 fxe6 22. f4 Nd3 23. Qe4 g5 24. fxg5 Qxe4 25. Rxf8+ Rxf8 26. Nxe4 Bxe5+ 27. Kg1 Bd4+ 28. Kh2 Rf1 29. gxh6 Be5+ 30. g3 Rxc1 31. Rxc1 Nxc1 32. Nc5 Nxa2 33. Nxb7 Kh7 34. Nc5 Kxh6 35. Nxe6 a5 36. b3 Nc1 37. Nc5 Bd6 38. Na4 Nxb3 39. Kg2 Nc5 40. Nc3 a4 41. g4 a3 42. Kf3 Be5 43. Na2 Na4 44. Ke4 Nc3+ 45. Nxc3 Bxc3 0-1

[Event "November 21 Early 2023"]
[Site "https://www.chess.com"]
[Date "2023.11.21"]
[Round "5"]
[White "Rietze, Clemens, Dr."]
[Black "Zhigalko, Sergei"]
[Result "0-1"]
[Board "82"]
[TimeControl "180+1"]
[WhiteFideId "24620351"]
[BlackFideId "13502956"]
[WhiteElo "2288"]
[BlackElo "2616"]
[WhiteTeam "GER"]
[BlackTeam "BLR"]
[WhiteClock "0:00:32"]
[BlackClock "0:01:36"]

1. d4 Nf6 2. c4 e6 3. Nf3 b6 4. g3 Ba6 5. Qc2 Bb4+ 6. Bd2 Be7 7. Bg2 O-O 8. O-O c6 9. b3 d5 10. a4 Nbd7 11. Na3 Ne4 12. Be1 f5 13. b4 Rc8 14. e3 c5 15. dxc5 bxc5 16. b5 Bb7 17. Nd2 Bf6 18. Rb1 Nc3 19. Nb3 Nxb1 20. Qxb1 Ne5 21. Na5 Ba8 22. f4 Ng4 23. Qb3 Nxe3 0-1

[Event "November 21 Early 2023"]
[Site "https://www.chess.com"]
[Date "2023.11.21"]
[Round "5"]
[White "Kubicka, Anna"]
[Black "Boruchovsky, Avital"]
[Result "0-1"]
[Board "83"]
[TimeControl "180+1"]
[WhiteFideId "1152254"]
[BlackFideId "2800055"]
[WhiteElo "2042"]
[BlackElo "2450"]
[WhiteTeam "POL"]
[BlackTeam "ISR"]
[WhiteClock "0:00:00"]
[BlackClock "0:00:04"]

1. e4 e5 2. Nf3 Nc6 3. Bb5 a6 4. Ba4 Nf6 5. O-O Nxe4 6. Re1 Nc5 7. Bxc6 dxc6 8. Nxe5 Be7 9. d4 Ne6 10. c3 O-O 11. Nd2 f6 12. Nd3 Re8 13. Ne4 Qd5 14. Qb3 Qxb3 15. axb3 Kf7 16. b4 b6 17. Bf4 Nxf4 18. Nxf4 Bf8 19. h4 Bb7 20. Ng3 g6 21. Nd3 Rxe1+ 22. Rxe1 a5 23. bxa5 Rxa5 24. Ne2 Ba6 25. Nec1 Ra1 26. Nb3 Rxe1+ 27. Nxe1 Bh6 28. Nf3 Ke6 29. g4 Be2 30. Kg2 Bd1 31. Nbd2 Bxd2 32. Nxd2 Bxg4 33. Kg3 Bf5 34. Kf4 h6 35. Nc4 g5+ 36. Kg3 Bd3 37. Ne3 h5 38. f4 g4 39. Kf2 Kd6 40. Ng2 Be4 41. Ne3 c5 42. Nf1 cxd4 43. cxd4 Kd5 44. Ke3 Bg6 45. Ng3 c5 46. dxc5 bxc5 47. Ne2 Kc4 48. Ng3 Kb3 49. f5 Bh7 50. Ne4 c4 51. Nd2+ Kb4 52. Kf4 Bg8 53. Ne4 Kb3 54. Nxf6 Bf7 55. Ne4 Kxb2 56. Kg5 c3 57. Kf6 c2 58. Nc5 Bc4 59. Na4+ Ka3 60. Nc3 c1=Q 0-1

[Event "November 21 Early 2023"]
[Site "https://www.chess.com"]
[Date "2023.11.21"]
[Round "5"]
[White "Vasquez Schroeder, Rodrigo"]
[Black "Kanyamarala, Tarun"]
[Result "0-1"]
[Board "84"]
[TimeControl "180+1"]
[WhiteFideId "3400042"]
[BlackFideId "45004714"]
[WhiteElo "2582"]
[BlackElo "2318"]
[WhiteTeam "CHI"]
[BlackTeam "IRL"]
[WhiteClock "0:00:10"]
[BlackClock "0:00:07"]

1. e4 c5 2. Nf3 e6 3. d4 cxd4 4. Nxd4 a6 5. Bd3 Bc5 6. Nb3 Ba7 7. O-O Ne7 8. Qg4 O-O 9. Nc3 Nbc6 10. Qg3 f5 11. Bf4 Ng6 12. Bg5 f4 13. Qg4 Qe8 14. Qh5 f3 15. g3 Nce5 16. Rfd1 b5 17. a3 Bb7 18. Na5 Qc8 19. Nxb7 Qxb7 20. Re1 Rac8 21. Be3 Bxe3 22. Rxe3 Rc5 23. Qh3 a5 24. Rd1 b4 25. axb4 axb4 26. Na4 Ra5 27. b3 Rc8 28. Qf1 Qc7 29. Qe1 Rb8 30. Qd2 Qd8 31. Bf1 h5 32. c4 h4 33. h3 hxg3 34. fxg3 Qg5 35. Kh2 Qh5 36. Kg1 f2+ 37. Kg2 Rf8 38. Be2 Qg5 39. Kh1 Qh6 40. Bf1 Qh5 41. Qe2 Qg5 42. Kh2 Qf6 43. Kg2 Qg5 44. Kh2 Raa8 45. Rd2 Rf7 46. Bg2 Raf8 47. Rd1 f1=Q 48. Rxf1 Rxf1 49. Bxf1 Qf6 50. Bg2 Qf2 51. Qxf2 Rxf2 52. Kg1 Rb2 53. Nc5 Rb1+ 54. Bf1 Ne7 55. Kf2 N7c6 56. Re2 Nd4 57. Ra2 Nxb3 58. Nxb3 Rxb3 59. c5 Kf7 60. Ra7 Rc3 61. Rb7 Rxc5 62. Rxb4 Rc2+ 63. Ke3 Ke7 64. Be2 Rc1 65. Kf4 Nc6 66. Rb7 Rc2 67. Bb5 Rf2+ 68. Ke3 Rc2 69. Rc7 Kd8 70. Rb7 Ne5 71. Kf4 Nc6 72. Bxc6 Rxc6 73. h4 Ke7 74. g4 Rc4 75. h5 Rc1 76. Kg5 Rg1 77. e5 Rg2 78. Rb4 d5 79. exd6+ Kxd6 80. Kg6 e5 81. Kxg7 Kd5 82. h6 e4 83. Rb5+ Kd4 84. Rg5 e3 85. Rg6 e2 86. Re6 Rxg4+ 87. Kf6 Re4 88. Rxe4+ Kxe4 89. h7 e1=Q 90. Kg7 Qa1+ 91. Kg8 Qa8+ 92. Kg7 Qb7+ 93. Kg8 Qc8+ 94. Kg7 Qd7+ 95. Kg8 Qe8+ 96. Kg7 Qe7+ 97. Kg8 Qg5+ 98. Kh8 Qh6 99. Kg8 Qg6+ 100. Kh8 Qf6+ 101. Kg8 Qd8+ 102. Kg7 Qd4+ 103. Kg8 Qc4+ 104. Kg7 Qc7+ 105. Kg8 Kf5 106. h8=Q Kg6 107. Qc3 Qf7+ 108. Kh8 Qh7# 0-1

[Event "November 21 Early 2023"]
[Site "https://www.chess.com"]
[Date "2023.11.21"]
[Round "5"]
[White "Koepke, Christian"]
[Black "Sonis, Francesco"]
[Result "0-1"]
[Board "85"]
[TimeControl "180+1"]
[WhiteFideId "4655737"]
[BlackFideId "895733"]
[WhiteElo "2238"]
[BlackElo "2435"]
[WhiteTeam "GER"]
[BlackTeam "ITA"]
[WhiteClock "0:00:00"]
[BlackClock "0:01:13"]

1. e4 Nc6 2. Nc3 e5 3. Nf3 d6 4. d3 f5 5. d4 fxe4 6. Nxe4 exd4 7. Nxd4 Qe7 8. Bd3 Nxd4 9. O-O Ne6 10. Re1 h6 11. Qh5+ Kd8 12. Ng5 Nf6 13. Nf7+ Kd7 14. Qg6 Rg8 15. Bf5 Kc6 16. Bd2 Nf4 17. Bxf4 Bxf5 18. Qxf5 Qxf7 19. Qa5 Qd5 20. Qc3+ Kd7 21. Rad1 Qf5 22. Qe3 Re8 23. Qxa7 Rxe1+ 24. Rxe1 Qxf4 25. Qxb7 Qc4 26. b3 Qc6 27. Qb8 Be7 28. Qb4 Re8 29. h3 Bf8 30. Rd1 Qxc2 31. Rf1 Qxa2 32. Qb5+ Kd8 33. Qb8+ Kd7 34. Qb5+ Ke7 35. Re1+ Kf7 36. Qc4+ d5 37. Qxc7+ Re7 38. Rxe7+ Bxe7 0-1

[Event "November 21 Early 2023"]
[Site "https://www.chess.com"]
[Date "2023.11.21"]
[Round "5"]
[White "Kochiev, Ivan"]
[Black "Petkov, Momchil"]
[Result "1-0"]
[Board "86"]
[TimeControl "180+1"]
[WhiteFideId "2917890"]
[BlackFideId "2921642"]
[WhiteElo "2285"]
[BlackElo "2383"]
[WhiteTeam "BUL"]
[BlackTeam "BUL"]
[WhiteClock "0:00:05"]
[BlackClock "0:00:00"]

1. e4 c5 2. Nf3 Nc6 3. d4 cxd4 4. Nxd4 Nf6 5. Nc3 d6 6. f3 e5 7. Nb3 Be7 8. Be3 Be6 9. Qd2 d5 10. exd5 Nxd5 11. Nxd5 Qxd5 12. Qxd5 Bxd5 13. O-O-O O-O-O 14. Bd3 g6 15. c3 f5 16. Rhe1 b6 17. Kc2 Kc7 18. Nd2 Bf7 19. Bf2 Bf6 20. Bg3 h5 21. h3 Rhe8 22. b3 h4 23. Bh2 Bg5 24. Nc4 Bf4 25. Bg1 Bg3 26. Rf1 Be6 27. Bf2 Bxf2 28. Rxf2 Rd7 29. Re2 Bxc4 30. Bxc4 Rxd1 31. Kxd1 Rd8+ 32. Kc2 Kd6 33. Bf7 g5 34. Bc4 Kc7 35. Bd3 Rf8 36. Bb5 Re8 37. Rd2 Re6 38. Rd5 Re7 39. a3 Nd8 40. Bd3 f4 41. Be4 Nf7 42. a4 Nd6 43. Kd3 Re8 44. c4 Re7 45. b4 Nf7 46. c5 bxc5 47. bxc5 Rd7 48. Kc4 Rxd5 49. Kxd5 Kd7 50. Bg6 Nd8 51. Bf5+ Kc7 52. Kxe5 Kc6 53. Kd4 Kc7 54. Be4 Ne6+ 55. Kc4 Nd8 56. Bd5 Kd7 57. Kb5 Kc7 58. Ka6 Kb8 59. c6 Kc7 60. Kxa7 1-0

[Event "November 21 Early 2023"]
[Site "https://www.chess.com"]
[Date "2023.11.21"]
[Round "5"]
[White "Samunenkov, Ihor"]
[Black "Rodriguez Fontecha, Marcos"]
[Result "1-0"]
[Board "87"]
[TimeControl "180+1"]
[WhiteFideId "14187086"]
[BlackFideId "2256576"]
[WhiteElo "2473"]
[BlackElo "2249"]
[WhiteTeam "UKR"]
[BlackTeam "ESP"]
[WhiteClock "0:00:04"]
[BlackClock "0:00:04"]

1. d4 d5 2. Nc3 c6 3. Bf4 Nf6 4. e3 g6 5. h4 Bg7 6. Be2 h6 7. Nf3 Bf5 8. Ne5 Nbd7 9. g4 Be6 10. Qd2 h5 11. g5 Ne4 12. Nxe4 dxe4 13. Nxd7 Qxd7 14. O-O-O Bg4 15. Kb1 O-O 16. Bxg4 Qxg4 17. Qb4 Qd7 18. Be5 a5 19. Qc5 Rfd8 20. Bxg7 Kxg7 21. Qe5+ Kg8 22. Qxe4 a4 23. a3 Ra5 24. f4 e6 25. Rd2 Rb5 26. Rhd1 Qe7 27. Ka2 Rd7 28. Qd3 Qd8 29. Qc4 Qb6 30. c3 Qa6 31. Ka1 Kg7 32. e4 Qb6 33. Qxa4 Rd8 34. c4 Ra5 35. Qc2 Rda8 36. Qc3 Kg8 37. Rd3 Ra4 38. Rc1 Qd8 39. Kb1 Qd6 40. e5 Qe7 41. Qb3 Qd7 42. Rcd1 b5 43. cxb5 cxb5 44. d5 exd5 45. Rxd5 Qf5+ 46. Ka2 Qxf4 47. Rxb5 Kg7 48. e6 Qxh4 49. Rd7 Rf4 50. Rxf7+ Rxf7 51. exf7 Rf8 52. Qc3+ Kh7 53. Rb7 Qf4 54. Qb3 h4 55. a4 Qf5 56. Ka3 Qxg5 57. Ka2 Qf5 58. Rb4 g5 59. Rb5 Qf6 60. a5 Qxf7 61. Rb7 Qxb7 62. Qxb7+ Kg6 63. a6 h3 64. a7 g4 65. a8=Q Rxa8+ 66. Qxa8 Kf5 67. Qd5+ Kf4 68. Qd4+ Kf3 69. Qd3+ Kf2 70. Qf5+ Kg3 71. Qe4 Kf2 72. Qxg4 h2 73. Qh3 1-0

[Event "November 21 Early 2023"]
[Site "https://www.chess.com"]
[Date "2023.11.21"]
[Round "5"]
[White "Korchmar, Vasiliy"]
[Black "Orlov, Georgi"]
[Result "1-0"]
[Board "88"]
[TimeControl "180+1"]
[WhiteFideId "24131750"]
[BlackFideId "2011271"]
[WhiteElo "2372"]
[BlackElo "2502"]
[WhiteTeam "RUS"]
[BlackTeam "USA"]
[WhiteClock "0:00:12"]
[BlackClock "0:00:00"]

1. e4 d6 2. d4 Nf6 3. Bd3 e5 4. c3 Nc6 5. Nf3 g6 6. O-O Bg7 7. h3 O-O 8. Re1 a6 9. Nbd2 Nh5 10. dxe5 dxe5 11. Nc4 Nf4 12. Bf1 Be6 13. Be3 h6 14. a4 Qf6 15. Nh2 Rfd8 16. Qf3 Nd3 17. Bxd3 Rxd3 18. Qxf6 Bxf6 19. Nd2 Rad8 20. Ndf1 h5 21. Nf3 Na5 22. Ng5 Rxe3 23. Nxe3 Bxg5 24. Red1 Rc8 25. Nd5 Nb3 26. Ra3 Nc5 27. f3 Kf8 28. b4 Nd7 29. b5 c6 30. bxc6 bxc6 31. Nb4 Be3+ 32. Kh2 Bc5 33. Raa1 a5 34. Nd3 Be7 35. Rab1 Rc7 36. Rb2 Kg7 37. Rdb1 Bc4 38. Rb7 Bxd3 39. Rxc7 Bxb1 40. Rxd7 Bg5 41. Ra7 Bd2 42. Rxa5 Bxc3 43. Rc5 Bd4 44. Rxc6 Kf8 45. a5 Ke7 46. a6 Kd7 47. Rc4 Be3 48. Rb4 Bd3 49. a7 Bxa7 50. Rb7+ Ke6 51. Rxa7 Bb5 52. Rb7 Bc6 53. Rb6 Kd6 54. Kg3 Kc7 55. Ra6 1-0

[Event "November 21 Early 2023"]
[Site "https://www.chess.com"]
[Date "2023.11.21"]
[Round "5"]
[White "Nazari, Arad"]
[Black "Luukkonen, Tommi"]
[Result "1-0"]
[Board "89"]
[TimeControl "180+1"]
[WhiteFideId "12577324"]
[BlackFideId "501808"]
[WhiteElo "2100"]
[BlackElo "2219"]
[WhiteTeam "IRI"]
[BlackTeam "FIN"]
[WhiteClock "0:00:38"]
[BlackClock "0:01:07"]

1. e4 c5 2. Nf3 d6 3. Bb5+ Nd7 4. d4 cxd4 5. Qxd4 a6 6. Bxd7+ Bxd7 7. O-O Rc8 8. c4 Nf6 9. Nc3 e5 10. Qd3 Qc7 11. b3 b5 12. Nd2 Be7 13. a4 b4 14. Nd5 Nxd5 15. cxd5 Qc3 16. Qb1 Qc2 17. Nc4 Rxc4 18. bxc4 Qxc4 19. Bd2 a5 20. Rc1 Qe2 21. Ra2 Qg4 22. Rc7 Bd8 23. Ra7 f5 24. Ra6 Qg6 25. Be3 f4 26. Bb6 f3 27. g3 O-O 28. Bxd8 Rxd8 29. Rxa5 Qxe4 30. Qxe4 1-0

[Event "November 21 Early 2023"]
[Site "https://www.chess.com"]
[Date "2023.11.21"]
[Round "5"]
[White "Grossboss19"]
[Black "Csonka, Balazs"]
[Result "1/2-1/2"]
[Board "90"]
[TimeControl "180+1"]
[BlackFideId "742910"]
[WhiteElo "2498"]
[BlackElo "2399"]
[BlackTeam "HUN"]
[WhiteClock "0:00:54"]
[BlackClock "0:00:16"]

1. c4 e6 2. Nc3 d5 3. d4 Nf6 4. cxd5 Nxd5 5. e4 Nxc3 6. bxc3 c5 7. Nf3 cxd4 8. cxd4 Bb4+ 9. Bd2 Bxd2+ 10. Qxd2 O-O 11. Bc4 Nd7 12. O-O b6 13. Rfe1 Bb7 14. Rad1 Rc8 15. Bb3 h6 16. Qf4 Qc7 17. e5 b5 18. d5 exd5 19. Bxd5 Nc5 20. Bxb7 Qxb7 21. Nd4 Rcd8 22. Nf5 Qe4 23. Qxe4 Nxe4 24. Nd6 Nxd6 25. exd6 Rd7 26. Re5 a6 27. a4 bxa4 28. Ra5 Ra8 29. Rxa4 f6 30. f4 Kf7 31. f5 a5 32. Rd5 Ra6 33. Raxa5 Rdxd6 34. h3 h5 35. Kh2 h4 36. Rxd6 Rxa5 37. Rd7+ Kg8 38. Rd4 Rxf5 39. Rxh4 Kf7 1/2-1/2

[Event "November 21 Early 2023"]
[Site "https://www.chess.com"]
[Date "2023.11.21"]
[Round "5"]
[White "Krzyzanowski, Marcin"]
[Black "Kazmin_Semyon"]
[Result "0-1"]
[Board "91"]
[TimeControl "180+1"]
[WhiteFideId "1132199"]
[WhiteElo "2471"]
[BlackElo "2494"]
[WhiteTeam "POL"]
[WhiteClock "0:00:05"]
[BlackClock "0:00:15"]

1. c4 e5 2. Nc3 Bb4 3. Nd5 Be7 4. d4 d6 5. Nf3 Nc6 6. e3 Nf6 7. Nxe7 Qxe7 8. Be2 O-O 9. O-O Re8 10. b3 h6 11. Bb2 Bf5 12. Rc1 Rad8 13. d5 Nb8 14. b4 c6 15. dxc6 bxc6 16. Qb3 Nbd7 17. Rfd1 a5 18. a3 Rb8 19. Qa4 Rec8 20. Bc3 Ra8 21. Qb3 Rcb8 22. Be1 Nc5 23. Qb2 Na4 24. Qb3 Nc5 25. Qb2 Nfe4 26. b5 Na4 27. Qa1 Nec5 28. Qa2 Be6 29. bxc6 Rb2 30. Qxb2 Nxb2 31. Rd2 Nb3 32. Rxb2 Nxc1 33. Bf1 a4 34. Rb7 Qe8 35. c7 Qc8 36. Rb1 Nb3 37. Bb4 Qxc7 38. Rd1 Rd8 39. Nd2 Nxd2 40. Rxd2 Bxc4 41. Rc2 d5 42. e4 Qb7 43. exd5 Bxf1 44. d6 Qxg2# 0-1

[Event "November 21 Early 2023"]
[Site "https://www.chess.com"]
[Date "2023.11.21"]
[Round "5"]
[White "Devaev, Alexander"]
[Black "Sadubayev, Airat"]
[Result "1-0"]
[Board "92"]
[TimeControl "180+1"]
[WhiteFideId "4169395"]
[BlackFideId "13713264"]
[WhiteElo "2172"]
[BlackElo "2137"]
[WhiteTeam "RUS"]
[BlackTeam "KAZ"]
[WhiteClock "0:00:15"]
[BlackClock "0:00:07"]

1. Nf3 d5 2. c4 c6 3. b3 Nf6 4. Bb2 Bf5 5. e3 e6 6. Nh4 Bg4 7. Qc2 Nbd7 8. h3 Bh5 9. g4 Bg6 10. Nxg6 hxg6 11. Bg2 Bd6 12. Nc3 Qc7 13. Rc1 O-O-O 14. cxd5 exd5 15. Qb1 Kb8 16. g5 Nh5 17. Nxd5 Qa5 18. b4 Qb5 19. Nc3 Qxg5 20. Rg1 Bh2 21. Ne4 Qf5 22. Rh1 Bc7 23. Nc5 Nxc5 24. Qxf5 Nd3+ 25. Qxd3 Rxd3 26. Ke2 Rhd8 27. Bc3 Nf6 28. Rc2 R3d7 29. a3 Nd5 30. Bxg7 Rg8 31. Bb2 Re8 32. Kf1 Ne7 33. Bf3 Nf5 34. Bg4 Rde7 35. Bxf5 gxf5 36. h4 f4 37. h5 fxe3 38. dxe3 Be5 39. Bxe5+ Rxe5 40. h6 Rh8 41. Rc4 Re6 42. h7 Rg6 43. Rch4 Rg7 44. Ke2 Kc7 45. f4 Kd6 46. e4 Rg2+ 47. Kf3 Rg7 48. Rh6+ Ke7 49. R1h5 f6 50. Rh4 Kf7 51. Rg4 Rxg4 52. Kxg4 Kg7 53. Rh4 Rxh7 54. Rxh7+ Kxh7 55. Kf5 Kg7 56. Ke6 a5 57. f5 axb4 58. axb4 b6 59. Ke7 c5 60. bxc5 bxc5 61. e5 c4 62. exf6+ Kh6 63. f7 c3 64. f8=Q+ Kg5 65. Qg7+ Kxf5 66. Qxc3 Kf4 67. Ke6 Kg4 68. Qe3 Kh5 69. Qg1 Kh4 70. Kf5 Kh5 71. Qh2# 1-0

[Event "November 21 Early 2023"]
[Site "https://www.chess.com"]
[Date "2023.11.21"]
[Round "5"]
[White "Sattarov, Bobir"]
[Black "Nikologorsky, Matfei"]
[Result "0-1"]
[Board "93"]
[TimeControl "180+1"]
[WhiteFideId "14203081"]
[BlackFideId "24102474"]
[WhiteElo "2351"]
[BlackElo "2153"]
[WhiteTeam "UZB"]
[BlackTeam "FID"]
[WhiteClock "0:00:00"]
[BlackClock "0:00:23"]

1. e4 c5 2. Nc3 e6 3. g3 d5 4. Bg2 dxe4 5. Nxe4 Nf6 6. Ne2 Nc6 7. O-O Nxe4 8. Bxe4 Be7 9. d3 O-O 10. Nf4 f5 11. Bg2 e5 12. Nd5 Bg5 13. Be3 Bxe3 14. fxe3 Be6 15. c4 Qd7 16. a3 Rad8 17. b4 cxb4 18. axb4 b5 19. Ra6 Kh8 20. Qa1 bxc4 21. dxc4 Bxd5 22. cxd5 Nxb4 23. Rxa7 Qd6 24. e4 fxe4 25. Bxe4 Qc5+ 26. Kg2 Nxd5 27. Rxf8+ Rxf8 28. Ra2 Ne3+ 29. Kh3 Qc8+ 0-1

[Event "November 21 Early 2023"]
[Site "https://www.chess.com"]
[Date "2023.11.21"]
[Round "5"]
[White "GaiozNigalidze"]
[Black "Osmak, Yuliia"]
[Result "0-1"]
[Board "94"]
[TimeControl "180+1"]
[BlackFideId "14101602"]
[WhiteElo "2668"]
[BlackElo "2303"]
[BlackTeam "UKR"]
[WhiteClock "0:02:27"]
[BlackClock "0:01:44"]

1. b3 d5 2. Bb2 Bf5 3. e3 e6 4. Nf3 Nf6 5. Be2 h6 6. O-O Bd6 7. c4 O-O 8. Nc3 c6 9. h3 Nbd7 10. d3 Bh7 11. a3 Qe7 12. Qc2 e5 13. Rad1 Bxa3 14. Bxa3 Qxa3 15. Ra1 Qe7 16. Ra2 a6 17. Qd2 Rfd8 18. Rc1 Nc5 19. Rb2 dxc4 0-1

[Event "November 21 Early 2023"]
[Site "https://www.chess.com"]
[Date "2023.11.21"]
[Round "5"]
[White "Pinero Rodriguez, Carlos Jose"]
[Black "Koellner, Ruben Gideon"]
[Result "0-1"]
[Board "95"]
[TimeControl "180+1"]
[WhiteFideId "3901726"]
[BlackFideId "12993093"]
[WhiteElo "2191"]
[BlackElo "2347"]
[WhiteTeam "VEN"]
[BlackTeam "GER"]
[WhiteClock "0:00:20"]
[BlackClock "0:01:26"]

1. e4 d6 2. d4 Nf6 3. Nc3 e5 4. Nf3 Nbd7 5. Bc4 Be7 6. g4 Nb6 7. Bb3 exd4 8. Nxd4 Bxg4 9. f3 Bd7 10. Qe2 c5 11. Ndb5 a6 12. Na3 O-O 13. Be3 Be6 14. O-O-O Qc7 15. Bxe6 fxe6 16. e5 Nfd5 17. exd6 Bxd6 18. Ne4 Bf4 19. Bd2 c4 20. c3 Rac8 21. Kb1 Bxd2 22. Rxd2 Nf4 23. Qe3 Nbd5 24. Qd4 b5 25. Rg1 e5 26. Qf2 Nh3 27. Qg2 Nxg1 28. Rxd5 Nxf3 29. Nc2 Nh4 30. Qh3 Ng6 31. Rd7 Qc6 32. Ng3 Rcd8 0-1

[Event "November 21 Early 2023"]
[Site "https://www.chess.com"]
[Date "2023.11.21"]
[Round "5"]
[White "Skliarov, Viktor"]
[Black "Sreyas Payyappat"]
[Result "0-1"]
[Board "96"]
[TimeControl "180+1"]
[WhiteFideId "14106736"]
[BlackFideId "46674969"]
[WhiteElo "2304"]
[BlackElo "2043"]
[WhiteTeam "UKR"]
[BlackTeam "IND"]
[WhiteClock "0:00:04"]
[BlackClock "0:01:18"]

1. e4 c6 2. d4 d5 3. e5 Bf5 4. Nf3 e6 5. Be2 Ne7 6. O-O Ng6 7. a4 Nd7 8. Na3 f6 9. exf6 Nxf6 10. Bg5 Bd6 11. c4 Qc7 12. Bxf6 gxf6 13. cxd5 exd5 14. Bd3 Be4 15. Bxe4 dxe4 16. Re1 f5 17. Ne5 Bxe5 18. dxe5 O-O 19. Nc4 Nxe5 20. Nxe5 Qxe5 21. Qb3+ Rf7 22. Rad1 Rf8 23. Rd7 b6 24. Rxa7 Qd5 25. Qxd5 cxd5 26. Ra6 Rf6 27. Rd1 Rd8 28. Rd4 Rc6 29. h4 Rc1+ 30. Kh2 Rc2 31. Kg3 f4+ 32. Kxf4 Rxf2+ 33. Kg3 Rxb2 34. a5 e3 35. Rxb6 Rxb6 36. axb6 Re8 37. Rd1 e2 38. Re1 d4 39. Kf2 d3 40. b7 d2 41. Rxe2 Rf8+ 42. Kg3 d1=Q 0-1

[Event "November 21 Early 2023"]
[Site "https://www.chess.com"]
[Date "2023.11.21"]
[Round "5"]
[White "Nitin, S."]
[Black "Kassimov, Baurzhan"]
[Result "0-1"]
[Board "97"]
[TimeControl "180+1"]
[WhiteFideId "5018277"]
[BlackFideId "13704800"]
[WhiteElo "2359"]
[BlackElo "2220"]
[WhiteTeam "IND"]
[BlackTeam "KAZ"]
[WhiteClock "0:02:05"]
[BlackClock "0:01:58"]

1. b3 Nf6 2. Bb2 e6 3. Nf3 b6 4. d3 Bb7 5. e4 d5 6. e5 Nfd7 7. g3 c5 8. Bg2 Nc6 9. O-O g5 10. Re1 Bg7 11. Qe2 h5 12. h4 g4 13. Ng5 Bxe5 14. Bxe5 Ndxe5 15. c3 Qf6 16. Nd2 O-O-O 17. d4 cxd4 18. cxd4 Ng6 19. Rac1 Kb8 20. b4 Nxd4 21. Qd3 Nf5 22. a4 Rc8 23. a5 Qd4 24. Qxd4 Nxd4 25. Nxf7 Rxc1 26. Rxc1 Ne2+ 0-1

[Event "November 21 Early 2023"]
[Site "https://www.chess.com"]
[Date "2023.11.21"]
[Round "5"]
[White "Ramla2020"]
[Black "Kuzhylnyi, Oleksandr"]
[Result "0-1"]
[Board "98"]
[TimeControl "180+1"]
[BlackFideId "34110500"]
[WhiteElo "2471"]
[BlackElo "2173"]
[BlackTeam "UKR"]
[WhiteClock "0:00:16"]
[BlackClock "0:00:21"]

1. c4 e6 2. d4 Nf6 3. Nf3 a6 4. Nc3 d5 5. Bg5 Be7 6. e3 O-O 7. Qc2 dxc4 8. Bxc4 b5 9. Bd3 Nbd7 10. e4 h6 11. Bh4 c5 12. e5 Nd5 13. Bxe7 Qxe7 14. Nxd5 exd5 15. O-O c4 16. Bh7+ Kh8 17. Rfe1 g6 18. Bxg6 fxg6 19. Qxg6 Qg7 20. Qh5 Rg8 21. g3 Nf8 22. h3 Ne6 23. Qh4 Bd7 24. Kh2 Raf8 25. Re3 Rf4 26. g4 Rgf8 27. Qg3 Qf7 28. Kg2 Ng5 29. Nxg5 Rxf2+ 30. Kg1 hxg5 31. e6 Bxe6 32. Qe5+ Rf6 33. Rf1 Qg7 34. Rxf6 Rxf6 35. Qd6 Bg8 36. Qe5 Rf4 37. Qxg7+ Kxg7 38. Re5 Kf6 39. Re8 Bf7 40. Ra8 Rxd4 41. Rxa6+ Be6 42. Rb6 Rd1+ 43. Kf2 Rd2+ 44. Ke3 Rxb2 45. a4 Rb3+ 46. Kd4 bxa4 47. Ra6 a3 48. Kc5 c3 49. Kd4 c2 50. Rc6 a2 0-1

[Event "November 21 Early 2023"]
[Site "https://www.chess.com"]
[Date "2023.11.21"]
[Round "5"]
[White "Pourkashiyan, Atousa"]
[Black "Taboas Rodriguez, Daniel"]
[Result "0-1"]
[Board "99"]
[TimeControl "180+1"]
[WhiteFideId "12502014"]
[BlackFideId "2208466"]
[WhiteElo "2221"]
[BlackElo "2365"]
[WhiteTeam "USA"]
[BlackTeam "ESP"]
[WhiteClock "0:00:00"]
[BlackClock "0:00:16"]

1. e4 e5 2. Nf3 Nc6 3. Bb5 Nf6 4. d3 d6 5. c3 Bd7 6. O-O g6 7. Nbd2 Bg7 8. Re1 O-O 9. Nf1 Nh5 10. a4 f5 11. Bc4+ Kh8 12. exf5 Bxf5 13. Ng5 Qd7 14. Ne3 Nf4 15. Nxf5 Qxf5 16. Bxf4 exf4 17. Ne6 d5 18. Bxd5 Qxd5 19. Nxc7 Qg5 20. Nxa8 f3 21. g3 Qg4 22. Re4 Qh3 23. Qf1 Qxf1+ 24. Kxf1 Rxa8 25. d4 Rf8 26. Rae1 Kg8 27. Re8 Kf7 28. R8e3 Kg8 29. d5 Na5 30. Re8 Nc4 31. R1e7 Nd6 32. Rxf8+ Bxf8 33. Rd7 a5 34. b3 h5 35. h4 b6 36. Ke1 Ne4 37. c4 Bb4+ 38. Kf1 Bc5 39. Rb7 Nd2+ 40. Ke1 Nxb3 41. d6 Bxd6 42. Rxb6 Bb4+ 43. Kf1 Nc5 44. Rxg6+ Kf7 45. Rg5 Nxa4 46. Rf5+ Ke6 47. Rxf3 Nc3 48. Re3+ Kd6 49. Rd3+ Kc5 50. g4 Kxc4 51. Rd8 a4 52. Ra8 hxg4 53. h5 Kb3 54. h6 Ne4 55. h7 Bc3 56. h8=Q Bxh8 57. Rxh8 a3 58. Ra8 a2 59. Ke2 Nc3+ 60. Ke3 Na4 61. Rb8+ Ka3 0-1

[Event "November 21 Early 2023"]
[Site "https://www.chess.com"]
[Date "2023.11.21"]
[Round "5"]
[White "Preobrazhenska_D2011"]
[Black "Souleidis, Georgios"]
[Result "0-1"]
[Board "100"]
[TimeControl "180+1"]
[BlackFideId "4206827"]
[WhiteElo "2466"]
[BlackElo "2401"]
[BlackTeam "GRE"]
[WhiteClock "0:00:03"]
[BlackClock "0:00:07"]

1. e4 c5 2. Nf3 e6 3. d4 cxd4 4. Nxd4 Nf6 5. Nc3 Nc6 6. Nxc6 bxc6 7. e5 Nd5 8. Ne4 Qc7 9. f4 Qb6 10. c4 Ne3 11. Qd3 Bb4+ 12. Bd2 Ba6 13. Nd6+ Bxd6 14. Qxe3 Qxb2 15. Rd1 Bb4 16. Bxb4 Qxb4+ 17. Kf2 O-O 18. Bd3 Bxc4 19. Qd4 Qb6 20. Qxb6 axb6 21. Bxc4 Ra7 22. Bb3 b5 23. Rc1 Rc8 24. Rc5 Kf8 25. Rd1 Ke7 26. Ke3 Rb8 27. g4 g6 28. f5 gxf5 29. gxf5 Rg8 30. f6+ Ke8 31. Kf3 Rg5 32. Rdc1 h6 33. Rxb5 Kd8 34. Rbc5 Kc7 35. h4 Rf5+ 36. Ke3 Ra8 37. Rg1 Kb6 38. Rc4 Rxe5+ 39. Kd2 Rd5+ 40. Kc3 Rf5 41. Rb4+ Kc7 42. Rg7 Rxf6 43. Rbg4 Rf3+ 44. Kb2 d5 45. Bc2 Kd6 46. Rd4 Rf2 47. Rdg4 Rb8+ 48. Kc3 Rb5 49. a4 Rc5+ 50. Kd3 Rcxc2 51. Rg8 Rcd2+ 52. Ke3 Rde2+ 53. Kd3 Ra2 54. Kc3 Ra3+ 55. Kb4 Rfa2 56. Ka5 e5 57. Rd8+ Kc5 58. Re8 e4 59. Ka6 Rxa4+ 60. Kb7 Ra7+ 61. Kc8 Ra8+ 62. Kd7 R2a7# 0-1